 Dungeon Crawl Stone Soup version 0.30.1-9-gdf580d7c3d (webtiles) character file.

Game seed: 7732365155222355503

63 Gabide the Cutter (level 4, -4/35 HPs)
             Began as a Human Monk on Sept 24, 2023.
             Killed from afar by Sigmund (9 damage)
             ... with a puff of flame
             ... on level 2 of the Dungeon.
             The game lasted 00:08:53 (1215 turns).

Gabide the Cutter (Human Monk)                      Turns: 1215, Time: 00:08:53

Health: -4/35      AC:  2    Str: 12    XL:     4   Next: 31%
Magic:  4/4        EV: 13    Int: 10    God:
Gold:   138        SH:  0    Dex: 17    Spells: 3/3 levels left

rFire   . . .        a - +0 short sword (freeze)
rCold   . . .        d - orb {light}
rNeg    . . .        b - +0 robe
rPois   .            (no helmet)
rElec   .            (no cloak)
rCorr   .            (no gloves)
SInv    .            (no boots)
Will    .....        (no amulet)
Stlth   +            (no ring)
HPRegen 0.25/turn    (no ring)
MPRegen 0.09/turn

%: no passive effects
@: glowing
A: no striking features
a: no special abilities


You were on level 2 of the Dungeon.
You visited 1 branch of the dungeon, and saw 2 of its levels.

You collected 138 gold pieces.

Inventory:

Hand Weapons
 a - a +0 short sword of freezing (weapon)
Armour
 b - a +0 robe (worn)
 d - an orb of light (worn)


   Skills:
 - Level 3.0 Fighting
 + Level 4.8 Short Blades
 - Level 3.0 Dodging


You had 3 spell levels left.
You didn't know any spells.
Your spell library was empty.

Dungeon Overview and Level Annotations

Branches:
Dungeon (2/15)

Altars:

Annotations:
D:2 Sigmund


Message History

Sigmund hits you but does no damage.
Sigmund hits you from afar with a +0 scythe.
Sigmund hits you from afar with a +0 scythe.
Sigmund hits you from afar with a +0 scythe.
Sigmund screams, "Don't try to resist!"
Sigmund hits you but does no damage. Sigmund hits you but does no damage.
Sigmund is nearby!
You aren't carrying any potions.
You aren't carrying any items that you can evoke.
Unknown command.
Unknown command.
Sigmund hits you but does no damage.
Sigmund hits you from afar with a +0 scythe.
Sigmund barely misses you. Sigmund hits you but does no damage.
Sigmund hits you but does no damage.
Sigmund hits you from afar with a +0 scythe.
Your transformation is almost over.
Sigmund points at you and mumbles some strange words.
You resist with some effort. Sigmund hits you but does no damage.
Sigmund hits you but does no damage. Sigmund hits you but does no damage.
Sigmund hits you but does no damage. Sigmund barely misses you.
You feel less wooden.
Your +0 robe unmelds from your body.
Sigmund hits you from afar with a +0 scythe!
Sigmund hits you from afar with a +0 scythe!
* * * LOW HITPOINT WARNING * * *
Unknown command.
You aren't carrying any potions.
Sigmund gestures at you while chanting. The puff of flame hits you.
* * * LOW HITPOINT WARNING * * *
A puff of flame appears from out of thin air!
Deactivating autopickup; reactivate with Ctrl-A.
The puff of flame hits you!
You die...

...:## #.#####.......# # ....###
###.#...........# ......#
####.....#####....##
....#.######.......## ####.....
..<.#..##.........{.##########...
######..................... .?.
####.##.........###### ..
#............# . ####....@....#
#^........# #...).....#
#.........# #...<....)#
#.........# #.........#
##.......## ##.....##


There were no monsters in sight!

Vanquished Creatures
  2 adders (D:2)
  3 ball pythons
  5 endoplasms (D:1)
  3 goblins
  6 hobgoblins
  3 jackals (D:1)
  4 quokkas
  A bat (D:1)
  8 kobolds
  6 rats
41 creatures vanquished.

Notes
Turn   | Place    | Note
-------+----------+-------------------------------------------
     0 | D:1      | Gabide the Human Monk began the quest for the Orb.
     0 | D:1      | Reached XP level 1. HP: 18/18 MP: 1/1
    79 | D:1      | Reached XP level 2. HP: 12/24 MP: 2/2
   400 | D:1      | Reached skill level 4 in Short Blades
   400 | D:1      | Reached XP level 3. HP: 29/29 MP: 3/3
   750 | D:2      | Noticed Sigmund
   845 | D:2      | Reached XP level 4. HP: 32/35 MP: 4/4
  1215 | D:2      | Killed from afar by Sigmund

Illustrated notes

Levels and vault maps discovered:
D:1:      dpeg_arrival_tiny_c, layout_rooms
D:2:      layout_rooms, uniq_sigmund

Skill      XL: |  1  2 |
---------------+-------+-----
Short Blades   | 4 |  4.8
Fighting       | |  3.0
Dodging        | |  3.0

Action                     |  1- 3 |  4- 6 || total
---------------------------+-------+-------++-------
  Melee: Short sword       |   141 |    18 ||   159
  Throw: Dart              |       |     2 ||     2
    Use: Scroll            |     4 |     1 ||     5
         Potion            |     1 |     1 ||     2
 Armour: Robe              |    13 |     3 ||    16
         Skin              |       |    18 ||    18
  Dodge: Dodged            |    82 |    13 ||    95
